 Dungeon Crawl Stone Soup version 0.29.0-11-gd7f09526c8 (webtiles) character file.

Game seed: 263707617545989910

3647 Powertoast the Ruffian (level 9, -12/84 (87) HPs)
             Began as a Troll Transmuter on Sept 2, 2022.
             Was an Initiate of Gozag.
             Mangled by a wight
             ... wielding a +0 great sword
              (16 damage)
             ... on level 7 of the Dungeon.
             The game lasted 00:23:55 (6151 turns).

Powertoast the Ruffian (Troll Transmuter)           Turns: 6151, Time: 00:23:56

HP:   -12/84 (87)   AC:  4    Str: 30    XL:     9   Next: 88%
MP:   22/24         EV: 11    Int:  9    God:    Gozag
Gold: 1025          SH:  0    Dex: 10    Spells: 14/17 levels left

rFire   . . .      SeeInvis .     - Unarmed
rCold   . . .      Faith    .   (no shield)
rNeg    . . .      Spirit   .   a - +0 robe
rPois   .          Reflect  .   (helmet currently unavailable)
rElec   .          Harm     .   u - scarf {+Inv}
rCorr   .          Rampage  .   (gloves unavailable)
Will    .....                   (boots unavailable)
Stlth   +.........              (no amulet)
HPRegen 1.04/turn               m - ring of magical power
MPRegen 0.19/turn               v - +6 ring of strength

@: appendages (expiring), wereblooded, gold aura, lightly drained
A: horns 2, talons 2, large, unfitting armour, claws 3, regeneration 1, shaggy
fur 1, tough skin 1
a: End Transformation, Renounce Religion, Evoke Invisibility, Potion Petition,
Call Merchant, Bribe Branch


You were on level 7 of the Dungeon.
You worshipped Gozag.
Gozag was most pleased with you.
You had temporarily grown beastly horns and talons.
You visited 1 branch of the dungeon, and saw 8 of its levels.

You collected 1087 gold pieces.
You paid 62 gold pieces to Gozag.

Inventory:

Armour
 a - a +0 robe (worn)
 s - a +1 cloak
 u - a scarf of invisibility (worn)
Jewellery
 m - a ring of magical power (left claw)
 v - a +6 ring of strength (right claw)
Wands
 r - a wand of flame (47)
 y - a wand of polymorph (9)
 C - a wand of digging (2)
Scrolls
 e - a scroll of magic mapping
 f - a scroll of vulnerability
 g - 2 scrolls of enchant weapon {unknown}
 k - 3 scrolls of silence {unknown}
 n - a scroll of noise {unknown}
 p - 2 scrolls of teleportation {unknown}
 t - 2 scrolls of amnesia {unknown}
 w - a scroll of summoning {unknown}
Potions
 b - a potion of lignification
 c - 3 potions of brilliance
 h - 4 potions of attraction
 j - 3 potions of flight {unknown}
 l - 6 potions of curing
 o - a potion of resistance {unknown}
 q - a potion of cancellation {unknown}
 x - 3 potions of haste {unknown}
 z - a potion of degeneration {unknown}
 A - a potion of berserk rage {unknown}
 B - a potion of might {unknown}


   Skills:
 + Level 4.8 Fighting
 + Level 4.9 Dodging
 + Level 6.4 Unarmed Combat
 * Level 4.8 Spellcasting
 * Level 5.1 Transmutations
 + Level 1.7 Evocations


You had 14 spell levels left.
You knew the following spells:

 Your Spells              Type           Power      Damage    Failure   Level
a - Beastly Appendage     Tmut           22%        N/A       3%          1
b - Wereblood             Tmut           11%        N/A       4%          2

Your spell library contained the following spells:

 Spells                   Type           Power      Damage    Failure   Level
 Slow                     Hex            8%         N/A       26%         1
 Spider Form              Tmut/Pois      6%         N/A       26%         3
 Ensorcelled Hibernation  Hex/Ice        4%         N/A       36%         2
 Confusing Touch          Hex            2%         N/A       58%         3
 Vampiric Draining        Necr           2%         2d6       58%         3
 Ice Form                 Ice/Tmut       6%         N/A       65%         4
 Anguish                  Hex/Necr       1%         N/A       94%         4
 Dispersal                Tloc           1%         N/A       100%        6
 Disjunction              Tloc           1%         N/A       100%        8


Dungeon Overview and Level Annotations

Branches:
Dungeon (8/15)             Temple (0/1) D:5
   Lair: D:8-11

Altars:
Ashenzari
Dithmenos
Elyvilon
Gozag
Kikubaaqudgha
Makhleb
Sif Muna
Wu Jian
Xom
Yredelemnul
The Shining One


Innate Abilities, Weirdness & Mutations

You have temporarily grown beastly horns and talons.
You are too large for most types of armour.
You have claws for hands.
Your natural rate of healing is unusually fast.
You are covered in fur. (AC +1)
You have tough skin. (AC +1)


Message History

The orc priest barely misses you. The orc hits you with a +0 mace.
The steam dragon closely misses you. The steam dragon claws you.
The orc closely misses you.
You scratch the steam dragon.
You feel a bit better.
You kill the steam dragon!
The wight hits you with a +5 mace!
The orc priest looks satisfied for a moment.
The wight barely misses you. The orc misses you. The orc barely misses you.
The orc hits you with a +0 mace.
Your life force feels restored.
You closely miss the orc. The orc misses you. The wight barely misses you.
The wight hits you with a +5 mace!
You feel drained.
The orc priest hits you with a +0 short sword.
The orc barely misses you.
The orc hits you with a +0 whip of freezing.
The orc freezes you. The wight hits you with a +5 mace.
* * * LOW HITPOINT WARNING * * *
The orc priest hits you with a +0 short sword.
* * * LOW HITPOINT WARNING * * *
The orc barely misses you.
The orc hits you with a +0 whip of freezing.
* * * LOW HITPOINT WARNING * * *
The orc freezes you.
* * * LOW HITPOINT WARNING * * *
The wight closely misses you. The orc barely misses you.
You climb upwards.
There is a stone staircase leading down here.
Unknown command.
Okay, then.
As you read the scroll labelled YFOCZE QIHONID, it crumbles to dust.
It is a scroll of enchant armour.
Your +0 cloak glows green for a moment.
The orc priest invokes the aid of Beogh against you.
Beogh smites you!
* * * LOW HITPOINT WARNING * * *
The orc is distracted by your dazzling golden aura.
The wight hits you with a +0 great sword!
You die...
Your body crumbles into a pile of gold.

##############
#.ooo@zzo....#
#.##########.#
#.#.......[#.#
#.#.######.#.##
####### #.#.#
#.....#######
......######.#.#
#.....#.....##
......#......#.#
#.....#.......
......#......#.#
#.....#)......
.#)####......#.#
####.##.......


You could see 2 wights, an orc priest and 3 orcs.

Vanquished Creatures
  Pikel (D:7)
  Joseph (D:7)
  Sigmund (D:2)
  A wyvern (D:7)
  A steam dragon (D:8)
  Menkaure (D:7)
  2 water moccasins
  2 black bears
  3 ice beasts
  An orc warrior (D:7)
  2 phantoms
  4 bullfrogs
  2 kobold brigands
  6 scorpions
  9 hounds
  An orc priest (D:4)
  3 jellies
  Crazy Yiuf (D:3)
  A gnoll bouda (D:5)
  2 iguanas
  An orc wizard (D:5)
  Natasha (thrice) (D:3)
  Robin (D:3)
  8 gnolls
  3 adders
  A shadow imp (D:5)
  2 white imps
  An ufetubus (D:7)
  2 worms (D:2)
  2 dart slugs (D:3)
  19 orcs
  5 bats
  3 endoplasms
  2 giant cockroaches
  13 goblins
  7 hobgoblins
  3 jackals (D:4)
  13 kobolds
  2 quokkas
  3 ball pythons
  2 frilled lizards (D:1)
  2 rats
143 creatures vanquished.

Notes
Turn   | Place    | Note
-------+----------+-------------------------------------------
     0 | D:1      | Powertoast the Troll Transmuter began the quest for the
                  | Orb.
     0 | D:1      | Reached XP level 1. HP: 18/18 MP: 1/1
   137 | D:1      | Reached XP level 2. HP: 25/26 MP: 0/3
   749 | D:2      | Reached skill level 1 in Fighting
   749 | D:2      | Reached XP level 3. HP: 24/33 MP: 4/4
   792 | D:2      | Noticed Sigmund
   806 | D:2      | Killed Sigmund
   807 | D:2      | Reached XP level 4. HP: 20/42 MP: 4/6
   807 | D:2      | Reached XP level 5. HP: 24/49 MP: 4/7
   895 | D:2      | Found a broken altar of Ashenzari.
  1009 | D:2      | Found a faded altar of an unknown god.
  1417 | D:3      | Learned a level 2 spell: Wereblood
  1444 | D:3      | Noticed Natasha
  1447 | D:3      | Killed Natasha
  1448 | D:3      | Reached XP level 6. HP: 57/57 MP: 8/8
  1451 | D:3      | Noticed Natasha
  1457 | D:3      | Killed Natasha
  1482 | D:3      | Noticed Natasha
  1485 | D:3      | Killed Natasha
  1515 | D:3      | Found a shimmering altar of Xom.
  1591 | D:3      | Found an opulent altar of Gozag.
  1624 | D:3      | Became a worshipper of Gozag Ym Sagoz the Greedy
  1732 | D:3      | Found a basalt altar of Yredelemnul.
  1807 | D:3      | Noticed Robin
  1821 | D:3      | Killed Robin
  1933 | D:3      | Found a runed translucent door.
  1934 | D:3      | Noticed Crazy Yiuf
  1943 | D:3      | Killed Crazy Yiuf
  2034 | D:3      | Found a shimmering altar of Xom.
  2042 | D:3      | Found a shimmering altar of Xom.
  2044 | D:3      | Found a shimmering altar of Xom.
  2046 | D:3      | Found a shimmering altar of Xom.
  2330 | D:4      | Found a white marble altar of Elyvilon.
  2390 | D:4      | Reached skill level 4 in Unarmed Combat
  2728 | D:4      | Reached XP level 7. HP: 41/65 MP: 10/10
  2953 | D:5      | Entered Level 5 of the Dungeon
  3231 | D:5      | Found an ornate altar of the Wu Jian Council.
  3281 | D:5      | Reached XP level 8. HP: 74/74 MP: 11/11
  3384 | D:5      | Found a shadowy altar of Dithmenos.
  3450 | D:5      | Found a staircase to the Ecumenical Temple.
  3915 | D:6      | Reached skill level 5 in Unarmed Combat
  3954 | D:6      | Found an ancient bone altar of Kikubaaqudgha.
  4235 | D:6      | Found a shimmering blue altar of Sif Muna.
  4895 | D:7      | Reached XP level 9. HP: 73/84 MP: 14/14
  5187 | D:7      | Noticed Joseph
  5206 | D:7      | Killed Joseph
  5207 | D:7      | Reached skill level 6 in Unarmed Combat
  5268 | D:7      | Reached skill level 1 in Evocations
  5268 | D:7      | Found a burning altar of Makhleb.
  5471 | D:7      | Found a glowing golden altar of the Shining One.
  5576 | D:7      | Noticed Pikel
  5576 | D:7      | Noticed Menkaure
  5586 | D:7      | Killed Menkaure
  5595 | D:7      | Killed Pikel
  5787 | D:7      | Reached skill level 5 in Transmutations
  6151 | D:7      | HP: 4/84 [orc priest/divine providence (11)]
  6151 | D:7      | Mangled by a wight

Illustrated notes

Levels and vault maps discovered:
D:1:      dpeg_arrival_tiny_b, layout_loops_cross
D:2:      layout_loops_ring, basic_ecumenical_altar, basic_altar,
          dk_noncrumbling_3, uniq_sigmund
D:3:      layout_rooms, xom_redecorated, general_overflow_altar,
          nicolae_gozag_seed_capital, uniq_robin, uniq_crazy_yiuf_cottage,
          uniq_natasha
D:4:      layout_layer_cave, elyvilon_altar_1, minivault_25, st_stairs_14
D:5:      layout_loops_ring, mainiacjoe_overflow_alcove_2,
          amcnicky_altar_gilded, temple_statues
D:6:      layout_gridville, nicolae_sif_muna_condensation,
          nicolae_kikubaaqudgha_miasma_corner, serial_park_tiny_1,
          chequers_garden
D:7:      layout_basic, lemuel_round_altar, mainiacjoe_overflow_paths,
          serial_corexii_hall, corexii_hall_statues_u, chequers_hall_statues_y,
          corexii_hall_statues_s, chequers_hall_statues_wall_a, uniq_pikel,
          uniq_menkaure, uniq_joseph
D:8:      layout_cave_pools, nicolae_overflow_crystal_walls,
          mainiacjoe_overflow_small_starburst, serial_shops, kennysheep_mini,
          serial_bayou_pond_e, minmay_fountain_box, grunt_ministairs_10,
          uniq_maurice, uniq_psyche

Skill      XL: |  1  2  3  4  5  6  7  8  9 |
---------------+----------------------------+-----
Fighting       | 1 2 4 |  4.8
Dodging        | 2 3 4 |  4.9
Spellcasting   | 2 3 4 |  4.8
Transmutations | 2 3 4 5 |  5.1
Unarmed Combat | 4 5 6 |  6.4
Evocations     | 1 |  1.7

Action                   |  1- 3 |  4- 6 |  7- 9 || total
-------------------------+-------+-------+-------++-------
Melee: Unarmed           |    51 |    95 |   278 ||   424
       Punch             |     1 |     2 |     3 ||     6
       Kick              |     3 |     8 |    28 ||    39
       Headbutt          |     3 |     3 |    17 ||    23
 Cast: Beastly Appendage |     5 |    10 |    17 ||    32
       Wereblood         |       |     7 |    14 ||    21
  Use: Scroll            |       |       |     7 ||     7
       Potion            |       |       |     6 ||     6
 Stab: Sleeping          |       |       |     1 ||     1
Armor: Robe              |    22 |    27 |    72 ||   121
Dodge: Dodged            |    23 |    37 |   161 ||   221
